Map: Gresvan LE

Players

TheReckoner

  • Race: Protoss Protoss
  • League: Master
  • Spawn Location: 11:00

TerranYOUup - Winner!

  • Race: Terran Terran
  • League: Diamond
  • Spawn Location: 5:00

VOD

Have the link to the VOD?

Description

Time

  • Played on: March 2, 2023, 1:56 p.m.
  • Length: 20:06
Show
View Real Time Build Order
Export as new Build Order

TheReckoner Protoss 

Build Orders: Oracle Opening 

Get SALT Encoding   

  12  0:00  Probe  
  13  0:12  Probe  
  14  0:17  Pylon  
  14  0:24  Probe  
  15  0:36  Probe (Chrono Boost), Gateway  
  16  0:43  Assimilator  
  16  0:48  Probe (Chrono Boost)  
  17  0:53  Probe (Chrono Boost)  
  18  1:03  Probe  
  19  1:15  Probe  
  20  1:27  Cybernetics Core  
  20  1:48  Nexus  
  20  1:49  Pylon  
  20  1:52  Probe  
  21  1:54  Assimilator  
  21  2:01  Adept (Chrono Boost)  
  21  2:06  Shield Battery  
  21  2:08  Probe  
  24  2:20  Probe  
  25  2:25  Gateway  
  25  2:26  Adept  
  27  2:37  Stargate  
  27  2:41  Probe  
  28  2:53  Probe  
  28  2:57  Shield Battery  
  29  3:05  Probe  
  30  3:12  Probe  
  29  3:16  Shield Battery, Adept  
  29  3:17  Probe  
  29  3:18  Oracle (Chrono Boost)  
  32  3:23  Warp Gate  
  35  3:30  Stalker  
  37  3:35  Probe (Chrono Boost)  
  37  3:36  Probe (Chrono Boost)  
  39  3:46  Probe x2 (Chrono Boost)  
  41  3:50  Probe (Chrono Boost)  
  41  3:51  Probe (Chrono Boost)  
  43  3:59  Stalker  
  43  4:01  Probe  
  46  4:03  Robotics Facility  
  46  4:22  Pylon  
  46  4:24  Assimilator  
  46  4:26  Assimilator  
  46  4:29  Shield Battery  
  46  4:31  Pylon  
  46  4:37  Pylon  
  46  4:40  Probe x2, Phoenix  
  46  4:44  Pylon  
  50  4:52  Probe x2  
  52  4:54  Immortal (Chrono Boost)  
  52  4:55  Stalker  
  58  5:04  Probe x2  
  60  5:16  Probe  
  59  5:31  Probe  
  59  5:34  Stalker, Probe  
  59  5:35  Stalker  
  65  5:39  Phoenix  
  63  5:43  Probe  
  63  5:47  Nexus  
  63  5:48  Observer (Chrono Boost)  
  63  5:49  Probe  
  68  5:52  Robotics Bay  
  68  5:54  Gateway  
  68  5:55  Probe  
  69  6:03  Gateway  
  69  6:05  Twilight Council  
  69  6:11  Pylon  
  69  6:13  Pylon  
  61  6:56  Disruptor (Chrono Boost)  
  61  6:57  Charge (Chrono Boost), Phoenix (Chrono Boost)  
  61  6:59  Probe (Chrono Boost)  
  65  7:04  Gateway  
  65  7:06  Probe (Chrono Boost), Robotics Facility  
  67  7:10  Pylon  
  67  7:11  Probe (Chrono Boost)  
  67  7:15  Shield Battery, Probe x2 (Chrono Boost)  
  69  7:16  Stargate  
  69  7:18  Shield Battery  
  69  7:19  Probe (Chrono Boost)  
  70  7:23  Forge, Pylon  
  70  7:26  Phoenix, Pylon  
  70  7:28  Zealot x2, Sentry  
  78  7:30  Probe x3  
  78  7:32  Disruptor  
  84  7:42  Probe x2  
  84  7:43  Probe  
  87  7:45  Zealot  
  89  7:54  Probe, Disruptor  
  93  7:58  Fleet Beacon  
  93  8:03  Probe x2  
  95  8:06  Probe  
  95  8:08  Disruptor  
  95  8:12  Nexus  
  99  8:15  Probe  
  100  8:25  Protoss Shields Level 1 (Chrono Boost)  
  100  8:28  Probe  
  100  8:32  Gravitic Boosters  
  100  8:33  Protoss Air Weapons Level 1 (Chrono Boost)  
  101  8:35  Probe  
  101  8:40  Assimilator  
  102  8:42  Pylon  
  102  8:43  Assimilator  
  102  8:44  Oracle  
  102  8:45  Zealot  
  102  8:46  Zealot  
  109  8:53  Probe  
  109  8:54  Pylon  
  109  8:55  Pylon  
  110  8:58  Pylon  
  110  9:00  Assimilator  
  110  9:02  Assimilator  
  110  9:08  Pylon  
  110  9:20  Probe  
  110  9:21  Probe  
  110  9:23  Flux Vanes  
  112  9:33  Immortal (Chrono Boost)  
  112  9:34  Shield Battery, Immortal (Chrono Boost)  
  112  9:36  Shield Battery  
  112  9:37  Void Ray x2 (Chrono Boost)  
  112  9:38  Photon Cannon  
  115  10:10  Disruptor x2  
  115  10:11  Phoenix x2  
  113  10:17  Stalker x2  
  113  10:18  Stalker, Zealot x2  
  100  10:36  Phoenix x2  
  100  10:39  Stalker x2  
  101  10:52  Observer x2, Zealot  
  101  10:53  Zealot x2  
  101  10:54  Probe x3  
  101  10:56  Probe  
  113  10:59  Photon Cannon  
  113  11:01  Oracle (Chrono Boost)  
  116  11:06  Probe x3  
  116  11:08  Probe  
  116  11:09  Disruptor, Photon Cannon  
  116  11:10  Protoss Shields Level 2 (Chrono Boost)  
  122  11:13  Phoenix (Chrono Boost)  
  122  11:17  Nexus  
  122  11:18  Probe  
  126  11:20  Probe, Pylon, Photon Cannon  
  126  11:21  Pylon  
  126  11:24  Shield Battery  
  126  11:26  Photon Cannon  
  126  11:33  Anion Pulse-Crystals (Chrono Boost)  
  129  11:40  Oracle (Chrono Boost), Stargate  
  129  11:42  Protoss Air Weapons Level 2 (Chrono Boost), Probe  
  129  11:45  Pylon  
  130  11:48  Photon Cannon  
  130  11:56  Probe  
  130  11:59  Pylon  
  131  12:02  Gateway  
  131  12:12  Zealot x4  
  131  12:13  Gateway, Sentry  
  127  12:47  Tempest (Chrono Boost)  
  143  12:51  Probe x2  
  143  12:54  Photon Cannon  
  143  12:55  Shield Battery, Probe  
  143  12:56  Probe, Photon Cannon, Tempest x2 (Chrono Boost)  
  146  12:59  Cybernetics Core  
  146  13:04  Forge  
  148  13:05  Observer (Chrono Boost)  
  148  13:07  Gateway  
  148  13:10  Gateway  
  148  13:12  Gateway  
  148  13:13  Observer (Chrono Boost)  
  148  13:38  Probe x2  
  148  13:39  Probe  
  148  13:41  Disruptor x2  
  147  13:48  Zealot x4  
  155  13:50  Probe x2  
  155  13:54  Templar Archives, Protoss Shields Level 3  
  163  13:57  Gateway  
  163  13:59  Photon Cannon  
  163  14:01  Photon Cannon  
  163  14:04  Photon Cannon  
  163  14:06  Photon Cannon  
  161  14:16  Disruptor x2  
  161  14:23  Zealot x5  
  177  14:25  Probe  
  177  14:30  Assimilator  
  178  14:32  Assimilator  
  178  14:35  Photon Cannon  
  178  14:37  Blink (Chrono Boost), Photon Cannon  
  178  14:39  Photon Cannon  
  178  14:40  Pylon  
  178  14:42  Photon Cannon  
  178  14:45  Photon Cannon  
  178  14:47  Shield Battery, Zealot x3  
  178  14:48  Zealot x2  
  178  14:49  Shield Battery, High Templar x3  
  178  14:50  Zealot, High Templar  
  198  14:53  Shield Battery, Archon  
  198  14:54  Archon  
  180  15:17  Zealot x5  
  180  15:18  Zealot  
  180  15:19  Zealot  
  180  15:21  Probe x2  
  196  15:22  Dark Shrine  
  196  15:26  Photon Cannon  
  196  15:30  Photon Cannon  
  192  15:35  Protoss Air Armor Level 1 (Chrono Boost)  
  192  15:39  Protoss Air Weapons Level 3 (Chrono Boost)  
  180  15:54  Nexus  
  180  15:56  Pylon  
  169  15:58  Pylon  
  159  16:08  Unknown  
  159  16:09  Zealot x2  
  159  16:11  Photon Cannon  
  158  16:12  Shield Battery  
  112  16:30  Disruptor x2  
  112  16:31  Tempest  
  112  16:32  Tempest x2  
  121  16:33  Zealot x5  
  121  16:34  Zealot  
  121  16:37  Probe  
  134  16:44  Probe  
  134  16:46  Photon Cannon  
  135  16:48  Photon Cannon  
  135  16:50  Photon Cannon  
  135  16:51  Photon Cannon  
  135  16:53  Shield Battery  
  134  16:55  Shield Battery, Zealot x3  
  134  16:56  Zealot, High Templar x2  
  134  16:57  High Templar x2  
  134  17:00  High Templar x2  
  154  17:02  Archon  
  154  17:03  Archon  
  154  17:04  Archon  
  154  17:06  Disruptor  
  157  17:08  High Templar  
  149  17:26  Probe  
  149  17:27  Dark Templar  
  149  17:28  Dark Templar, Zealot x2  
  145  17:33  Observer x3  
  145  17:34  Probe  
  137  17:42  Dark Templar x2, Nexus  
  137  17:44  Probe  
  129  18:00  Probe  
  129  18:01  Dark Templar, Zealot x3  
  133  18:11  Shadow Stride (Chrono Boost)  
  123  18:35  Zealot  
  123  18:36  Stalker x2, Zealot  
  123  18:37  Nexus  
  117  18:42  Stalker  
  94  18:52  Zealot  
  94  18:53  Dark Templar, Zealot  
  77  18:58  Dark Templar  
  77  19:00  Dark Templar  
  71  19:16  Sentry  
  63  19:21  Pylon  
  63  19:24  Assimilator  
  63  19:28  Pylon  
Show
View Real Time Build Order
Export as new Build Order

TerranYOUup Terran - Winner!

Build Orders: 2 Factory, Cyclone Opening 

Get SALT Encoding   

  12  0:00  SCV  
  13  0:13  SCV  
  14  0:18  Supply Depot  
  14  0:25  SCV  
  14  0:28  Refinery  
  15  0:39  SCV  
  16  0:45  Barracks  
  16  0:52  SCV  
  16  0:55  Refinery  
  17  1:04  SCV  
  18  1:16  SCV  
  19  1:28  SCV  
  20  1:34  Factory  
  20  1:43  Factory  
  20  1:49  Orbital Command  
  20  1:54  Barracks Tech Lab  
  20  2:11  Supply Depot  
  20  2:15  SCV  
  21  2:20  Barracks Tech Lab  
  21  2:33  SCV, Cyclone  
  25  2:44  Supply Depot  
  25  2:45  SCV  
  25  2:47  Cyclone  
  29  3:06  Cyclone  
  32  3:18  Command Center  
  32  3:23  SCV  
  33  3:45  Command Center  
  33  4:01  Siege Tank x2  
  39  4:33  Refinery, Siege Tank x2  
  39  4:34  Orbital Command  
  39  4:35  SCV  
  46  5:03  Orbital Command  
  46  5:09  SCV x2  
  48  5:21  SCV x2  
  50  5:28  Cyclone x2  
  50  5:33  SCV  
  54  5:43  SCV x2  
  54  5:45  SCV  
  54  5:49  Refinery  
  57  5:55  SCV x2  
  59  6:00  Siege Tank  
  59  6:01  Siege Tank  
  65  6:04  SCV  
  65  6:07  SCV x2  
  62  6:33  Starport, Cyclone x2  
  62  6:34  Starport, SCV  
  62  6:36  Starport  
  69  6:48  SCV x2  
  62  6:57  SCV  
  62  7:00  SCV x2  
  65  7:05  Cyclone  
  65  7:07  Supply Depot x2  
  68  7:08  Supply Depot  
  68  7:09  SCV, Supply Depot  
  68  7:12  SCV x2, Cyclone  
  68  7:13  Starport Tech Lab x3  
  74  7:22  Hyperflight Rotors  
  74  7:27  SCV x2  
  76  7:30  Orbital Command  
  76  7:40  Banshee x3  
  85  7:49  Hellion  
  85  7:50  SCV x2, Hellion  
  91  7:53  Barracks  
  91  7:57  SCV  
  92  8:02  SCV  
  92  8:03  Refinery  
  92  8:04  Mag-Field Accelerator  
  93  8:06  Refinery  
  93  8:07  SCV  
  93  8:09  SCV  
  95  8:14  SCV  
  95  8:15  Hellion x2  
  95  8:19  SCV  
  101  8:21  SCV  
  101  8:23  Banshee x2  
  108  8:29  Supply Depot  
  108  8:30  Supply Depot  
  108  8:31  Supply Depot x2  
  108  8:33  Supply Depot  
  108  8:36  SCV  
  109  8:48  Factory  
  109  8:50  Factory, Banshee  
  109  8:51  SCV, Hellion x2  
  109  8:52  Factory  
  109  8:53  Factory  
  117  9:05  Banshee x2  
  121  9:19  SCV x3  
  124  9:24  Engineering Bay  
  124  9:31  SCV x3, Siege Tank x2  
  130  9:32  Factory Tech Lab  
  133  9:40  Factory Reactor x2  
  133  9:41  Armory, Factory Reactor  
  133  9:43  Armory, SCV x3  
  136  9:52  Command Center  
  133  10:08  Cyclone x3  
  142  10:18  Hellion x3  
  148  10:29  Hellion  
  132  10:40  Cyclone x2  
  121  10:48  Banshee x3  
  121  10:49  Hellion x5  
  126  10:51  Cyclone  
  127  11:02  Missile Turret x2, Sensor Tower  
  127  11:06  Missile Turret  
  127  11:17  Terran Vehicle And Ship Armor Level 1, Terran Vehicle Weapons Level 1  
  127  11:22  Hellion  
  127  11:23  Hellion x5  
  142  11:25  Cyclone  
  142  11:26  Cyclone  
  142  11:31  Banshee x3  
  154  11:36  Missile Turret, Sensor Tower  
  154  11:37  Missile Turret, Refinery  
  154  11:38  Refinery  
  154  11:47  Planetary Fortress  
  154  11:48  SCV x2  
  154  11:53  Hellion x4  
  164  12:07  Supply Depot  
  164  12:08  Thor, Hellion, Supply Depot  
  172  12:09  Command Center  
  172  12:10  Supply Depot  
  172  12:21  Hellion  
  172  12:22  Banshee  
  171  12:25  Widow Mine x2  
  171  12:26  Widow Mine x2, Cyclone  
  171  12:28  Cyclone  
  169  12:30  Widow Mine  
  169  12:31  Missile Turret  
  165  12:50  Thor, Hellion x5  
  165  12:51  SCV x3, Hellion  
  183  12:58  SCV, Thor  
  187  13:03  SCV  
  194  13:13  Widow Mine  
  194  13:16  Widow Mine  
  196  13:21  Widow Mine x2  
  196  13:26  Widow Mine  
  200  13:28  Widow Mine  
  184  13:44  SCV x3  
  184  13:46  Thor x2  
  199  13:51  Terran Vehicle Weapons Level 2, Terran Vehicle And Ship Armor Level 2  
  199  13:52  Missile Turret  
  199  14:00  Missile Turret  
  199  14:02  Missile Turret  
  180  14:21  Cyclone  
  180  14:22  Hellion x3  
  180  14:23  Hellion x3  
  195  14:29  Cyclone  
  198  14:33  SCV x2  
  198  14:34  Missile Turret  
  200  14:45  Planetary Fortress  
  194  15:07  Cyclone  
  194  15:10  Cyclone, Banshee, Hellion x2  
  194  15:13  Hellion  
  187  15:23  Refinery  
  187  15:39  Hellion  
  187  15:44  Hellion  
  187  15:47  Hellion x2  
  187  15:48  Banshee  
  187  15:49  Cyclone  
  187  15:50  Hellion  
  187  15:58  Raven  
  187  15:59  Banshee  
  187  16:00  Hellion x2, Cyclone x2  
  180  16:08  Hellion  
  180  16:10  Hellion x2  
  170  16:11  Hellion  
  162  16:21  Hellion, Cyclone  
  162  16:22  Hellion  
  158  16:30  Hellion  
  158  16:31  Banshee, Command Center  
  158  16:32  Cyclone x2, Banshee  
  172  16:48  Supply Depot  
  172  16:51  Supply Depot  
  172  16:52  Banshee  
  172  16:53  Supply Depot  
  170  16:55  Command Center  
  170  16:58  SCV x2  
  172  17:09  Thor  
  172  17:10  SCV  
  172  17:12  Thor  
  172  17:13  Banshee  
  172  17:14  Thor  
  172  17:15  Banshee  
  195  17:26  Hellion  
  195  17:29  Hellion  
  196  17:30  Hellion  
  196  17:34  Hellion  
  196  17:36  Banshee  
  195  17:44  SCV x4  
  192  17:50  Widow Mine  
  192  17:51  Widow Mine x3  
  196  17:52  Widow Mine  
  196  17:53  Siege Tank  
  196  17:55  Siege Tank  
  196  17:57  Siege Tank  
  191  18:15  Raven x2  
  191  18:19  Raven  
  184  18:37  Thor x2  
  184  18:38  Hellion x5  
  141  18:51  Hellion x2  
  134  18:59  Hellion x2  
  138  19:12  Cyclone  
  129  19:19  Hellion x3  
  129  19:20  Hellion, Cyclone  
  140  19:32  Hellion x3  
  146  19:41  Hellion x2  
Tags
 
Add a new tag
Caveats
  • Supply blocks, unpowered buildings, or Contaminate may cause inaccurate times.
  • Supply counts are checked every 10 seconds.